 Dungeon Crawl Stone Soup version 0.22-a0-247-gbddf880 (webtiles) character file.

62 b5mith the Slasher (level 3, -3/33 HPs)
             Began as a Minotaur Berserker on Feb 25, 2018.
             Was a Believer of Trog.
             Slain by a hobgoblin
             ... wielding a +0 club
             ... led by Robin
              (8 damage)
             ... on level 2 of the Dungeon.
             The game lasted 00:02:24 (711 turns).

b5mith the Slasher (Minotaur Berserker)              Turns: 711, Time: 00:02:25

Health: -3/33      AC:  5    Str: 22    XL:     3   Next: 85%
Magic:  2/2        EV: 12    Int:  9    God:    Trog [**....]
Gold:   50         SH:  0    Dex:  9    Spells: 2/2 levels left

rFire    . . .     SeeInvis .   a - +0 falchion
rCold    . . .     Gourm    .   (no shield)
rNeg     + . .     Faith    .   b - +0 animal skin
rPois    .         Spirit   .   (helmet restricted)
rElec    .         Reflect  .   (no cloak)
rCorr    .         Harm     .   (no gloves)
MR       .....                  (no boots)
Stlth    +.........             (no amulet)
HPRegen  0.11/turn              g - ring of positive energy
MPRegen  0.08/turn              j - +3 ring of protection

@: brilliant, berserk cooldown, slowed, very slow
A: retaliatory headbutt, horns 2
a: Berserk, Trog's Hand, Renounce Religion


You were on level 2 of the Dungeon.
You worshipped Trog.
Trog was pleased with you.
You were very hungry.

You visited 1 branch of the dungeon, and saw 2 of its levels.

You collected 50 gold pieces.

Inventory:

Hand Weapons
 a - a +0 falchion (weapon)
Armour
 b - a +0 animal skin (worn)
Jewellery
 g - a ring of positive energy (left hand)
 j - a +3 ring of protection (right hand)
Scrolls
 e - 4 scrolls of fear {unknown}
 f - a scroll of identify {unknown}
 h - a scroll of noise {unknown}
Comestibles
 c - 4 rations
 d - 6 chunks of flesh


   Skills:
 + Level 4.3 Fighting
 + Level 4.3 Long Blades
 + Level 3.3 Armour
 + Level 2.9 Dodging


You had 2 spell levels left.
You didn't know any spells.

Dungeon Overview and Level Annotations

Branches:
Dungeon (2/15)

Altars:

Annotations:
D:2 Robin


Innate Abilities, Weirdness & Mutations

You reflexively headbutt those who attack you in melee.
You have a pair of horns on your head.


Message History

You hit the goblin.
The goblin is moderately wounded.
The hobgoblin hits you but does no damage.
Robin hits you but does no damage. The goblin closely misses you.
You furiously retaliate!
You headbutt the goblin!
You kill the goblin!
Trog accepts your kill. The hobgoblin hits you with a club.
* * * LOW HITPOINT WARNING * * *
Robin hits you with a short sword.
* * * LOW HITPOINT WARNING * * *
The hobgoblin hits you with a club.
* * * LOW HITPOINT WARNING * * *
The hobgoblin hits you but does no damage.
Things that are here:
a stone; a goblin corpse It was a potion of brilliance.
You feel clever all of a sudden. The hobgoblin hits you with a club!
You die...

............
...........
#........$.
#..........
#.......... #.#+#
#.......... #.#.#
#gg(....... #.#.#
##g#.###### #.#.#
#@#.# #.#.# #†#.#
#.#.# #)#.# #.#.#
#)#.# ##.#.# #)#.#
.....# #)#..
##.#############.#
.#...............#
.#################


You could see Robin and 2 hobgoblins.

Vanquished Creatures
  A gnoll (D:1)
  An ooze (D:1)
  A dart slug (D:1)
  A leopard gecko (D:1)
  6 giant cockroaches (D:1)
  4 hobgoblins (D:2)
  4 jackals (D:2)
  2 bats (D:1)
  4 frilled lizards (D:1)
  9 goblins
  3 kobolds (D:1)
  5 rats (D:1)
41 creatures vanquished.

Notes
Turn   | Place    | Note
-------+----------+-------------------------------------------
     0 | D:1      | b5mith the Minotaur Berserker began the quest for the Orb.
     0 | D:1      | Reached XP level 1. HP: 19/19 MP: 0/0
   149 | D:1      | Reached XP level 2. HP: 14/27 MP: 1/1
   486 | D:1      | Reached ** piety under Trog
   491 | D:1      | Reached XP level 3. HP: 33/33 MP: 2/2
   675 | D:2      | Noticed Robin
   711 | D:2      | Slain by a hobgoblin

Vault maps used:
D:1:      onia_arrival_larder
D:2:      grunt_temple_overflow_open,
          nicolae_gozag_cash_rules_everything_around_me, first_ration,
          minmay_joined_circles, uniq_natasha, uniq_robin

Skill      XL: |  1  2 |
---------------+-------+-----
Fighting       | 4 |  4.3
Long Blades    | 4 |  4.3
Armour         | 3 |  3.3
Dodging        | |  2.9

Action                   || total
-------------------------++-------
Melee: Falchion          ||    58
       Headbutt          ||     9
Invok: Berserk           ||     2
  Use: Potion            ||     1
Armor: Animal skin       ||    13
Dodge: Dodged            ||    43
       Rpst.: Falchion   ||    16

Table legend:
 A = Spawn XP
 B = Non-spawn XP
 C = Spawn XP percentage of total XP
 D = Spawn monster count
 E = Non-spawn monster count
 F = Spawn count percentage of total count
 G = Total turns spent on level
                    A         B        C        D         E        F      G
               +---------+---------+-------+---------+---------+-------+---------
         Total |       0 |      89 |   0.0 |       0 |      41 |   0.0 |   711
               +---------+---------+-------+---------+---------+-------+---------
           D:1 |       0 |      63 |   0.0 |       0 |      27 |   0.0 |   631
           D:2 |       0 |      26 |   0.0 |       0 |      14 |   0.0 |    80
               +---------+---------+-------+---------+---------+-------+---------
